 Dungeon Crawl Stone Soup version 0.30-a0-174-gbc10bd73c2 (webtiles) character file.

Game seed: 18426610148489078185

64 qw the Chopper (level 4, -3/28 HPs)
             Began as a Gargoyle Fighter on Oct 1, 2022.
             Slain by a goblin
             ... wielding a +0 club
             ... led by Robin
              (4 damage)
             ... on level 4 of the Dungeon.
             The game lasted 00:00:53 (2338 turns).

qw the Chopper (Gargoyle Fighter)                   Turns: 2338, Time: 00:00:54

Health: -3/28      AC: 15    Str: 22    XL:     4   Next: 12%
Magic:  4/4        EV:  7    Int: 17    God:
Gold:   183        SH:  4    Dex:  9    Spells: 3/3 levels left

rFire   . . .      SeeInvis .    Y - +0 war axe
rCold   + . .      Faith    .    c - +0 buckler
rNeg    + . .      Spirit   .    e - +0 chain mail
rPois   inf        Reflect  .    (no helmet)
rElec   +          Harm     .    (no cloak)
rCorr   .          Rampage  .    f - +0 pair of gloves
Will    .....                    j - +0 pair of boots
Stlth   ..........               (no amulet)
HPRegen 0.24/turn                k - ring of Kinoc {rC+ Int+9}
MPRegen 0.09/turn                (no ring)

@: no status effects
A: sickness immunity, AC +3, negative energy resistance 1, electricity
resistance, torment resistance 1, petrification resistance
a: no special abilities


You were on level 4 of the Dungeon.
You visited 1 branch of the dungeon, and saw 4 of its levels.

You collected 183 gold pieces.


Innate Abilities, Weirdness & Mutations

You are immune to sickness and miasma.
Your stone body is resilient. (AC +3)
You are immune to poison.
You resist negative energy. (rN+)
You are resistant to electric shocks. (rElec)
You are resistant to unholy torment.
You are immune to petrification.


   Skills:
 - Level 3.2 Fighting
 + Level 3.9 Axes
 - Level 3.2 Armour
 - Level 3.2 Shields


You had 3 spell levels left.
You didn't know any spells.
Your spell library was empty.

Inventory:

Hand Weapons
 g - a +0 whip
 Y - a +0 war axe (weapon)
Armour
 c - a +0 buckler (worn)
 e - a +0 chain mail (worn)
 f - a +0 pair of gloves (worn)
 j - a +0 pair of boots (worn)
Jewellery
 k - the ring of Kinoc (left hand) {rC+ Int+9}
   (You acquired it on level 3 of the Dungeon)

   [ring of protection from cold]

   Int:       It affects your intelligence (+9).
   rC:        It protects you from cold.
Scrolls
 n - a scroll of identify
Potions
 b - a potion of attraction
 d - a potion of might
 h - a potion of mutation {unknown}
 i - a potion of degeneration {unknown}

Dungeon Overview and Level Annotations

Branches:
Dungeon (4/15)
 Temple: D:4-7

Altars:

Shops:
D:1 [   D:2 :(((

Annotations:
D:4 Robin, Sigmund


Message History

The jackal barely misses you.
A goblin comes into view. It is wielding a +0 club.
You block the jackal's attack. Robin throws the goblin at you!
The goblin hits you with a +0 club.
A hobgoblin comes into view.
The hobgoblin hits you. The goblin hits you but does no damage.
You closely miss the goblin. You closely miss the jackal.
You hit the hobgoblin.
You kill the hobgoblin!
You hit the jackal. You miss the goblin. You block the jackal's attack.
The jackal bites you but does no damage.
Robin roars a battlecry!
The goblins go into a battle-frenzy!
The goblin hits you but does no damage.
A hobgoblin comes into view.
You block the goblin's attack.
The jackal bites you but does no damage. x2
You hear a shout!
You slash the jackal!
You kill the jackal!
You hit the hobgoblin.
You kill the hobgoblin!
You hit the goblin. You closely miss the jackal. You closely miss the goblin.
You completely miss the goblin. The jackal bites you.
You block the goblin's attack. The goblin hits you but does no damage.
A goblin comes into view. It is wielding a +0 dagger.
The goblin hits you but does no damage.
The jackal bites you but does no damage.
The goblin hits you but does no damage. x2
Robin roars a battlecry!
The goblin goes into a battle-frenzy!
The goblin moves out of view.
You closely miss the goblin.
The goblin is heavily wounded.
You slash the jackal!
You kill the jackal!
You hit the goblin but do no damage. You barely miss the goblin. x2
The goblin hits you with a +0 club.
You die...

....... .. #.
?# ...
....... . #.
.#.#..
....... #.#.
.#....
....$..
#.#g##.g....
.......
#..g.gg.....
.......
###....g.....
.......
+..>gg%......
#......
#@g.....#
#.#####
#%g.....# ..
#. ........#
#. ..#.)....#
#. ...
......# #.
.... .g.....
#. #....
....... #.
..... .......
##


You could see Robin, 3 hobgoblins and 7 goblins.

Vanquished Creatures
  A worm (D:2)
  2 dart slugs
  4 bats
  6 endoplasms
  2 giant cockroaches
  7 hobgoblins
  5 jackals
  A quokka (D:1)
  7 ball pythons
  4 frilled lizards
  4 goblins
  4 kobolds
  6 rats
  A spectral goblin (D:1)
54 creatures vanquished.

Notes
Turn   | Place    | Note
-------+----------+-------------------------------------------
     0 | D:1      | qw the Gargoyle Fighter began the quest for the Orb.
     0 | D:1      | Reached XP level 1. HP: 14/14 MP: 1/1
     0 | D:1      | 0 ||| qw: Version: 0.2-a-13-gfc7b4b4
     0 | D:1      | 0 ||| qw: Game counter: 1958
     0 | D:1      | 0 ||| qw: Always use a shield: true
     0 | D:1      | 0 ||| qw: God list: Okawaru
     0 | D:1      | 0 ||| qw: Allow faded altars: false
     0 | D:1      | 0 ||| qw: Do Orc after D:15 true
     0 | D:1      | 0 ||| qw: Do second Lair branch before Depths: true
     0 | D:1      | 0 ||| qw: Lair rune preference: random
     0 | D:1      | 0 ||| qw: Plans: Normal, Zot:1-4, God:TSO, Crypt, Tomb,
                  | Pan, Slime:5, Hells, Abyss, Orb
     0 | D:1      | 0 ||| PLANNING D:1-11
   202 | D:1      | Found a faded altar of an unknown god.
   208 | D:1      | Reached XP level 2. HP: 19/19 MP: 2/2
   318 | D:1      | 318 ||| Stepping ~*~*~tactically~*~*~ (hiding).
   425 | D:1      | Found Fatoelei's Armour Emporium.
   433 | D:1      | 433 ||| SHOPLISTING +0 plate armour (230 gold, have 18).
   433 | D:1      | 433 ||| SHOPLISTING +1 plate armour of positive energy (320
                  | gold, have 18).
   433 | D:1      | 433 ||| SHOPLISTING +2 chain mail of poison resistance (185
                  | gold, have 18).
   433 | D:1      | 433 ||| SHOPLISTING +2 plate armour of fire resistance (400
                  | gold, have 18).
   433 | D:1      | 433 ||| SHOPLISTING +3 chain mail of willpower (265 gold,
                  | have 18).
   476 | D:1      | Reached skill level 3 in Axes
   534 | D:1      | Reached XP level 3. HP: 23/23 MP: 3/3
   952 | D:1      | 952 ||| UPGRADING to +0 chain mail.
   962 | D:1      | 962 ||| DROPPING +0 scale mail.
   963 | D:1      | 963 ||| UPGRADING to +0 pair of gloves.
   968 | D:1      | 968 ||| READING scroll labelled ACIENUC IBESMO.
   982 | D:2      | Found Cuuf's Weapon Emporium.
  1001 | D:2      | 1001 ||| SHOPLISTING +0 morningstar of protection (95 gold,
                  | have 37).
  1060 | D:2      | Found Nithroikhlu's Antique Weapon Shop.
  1075 | D:2      | 1075 ||| SHOPLISTING runed hand axe (102 gold, have 51).
  1075 | D:2      | 1075 ||| SHOPLISTING smoking hand axe (136 gold, have 51).
  1098 | D:2      | Found Ymogeet's Antique Weapon Shop.
  1122 | D:2      | 1122 ||| SHOPLISTING runed morningstar (168 gold, have 65).
  1194 | D:2      | Found Ycaapp's Book Shoppe.
  1374 | D:2      | 1374 ||| READING 2 scrolls labelled UQEDEA FADUSM.
  1412 | D:2      | 1412 ||| Stepping ~*~*~tactically~*~*~ (hiding).
  1415 | D:2      | 1415 ||| Stepping ~*~*~tactically~*~*~ (hiding).
  1681 | D:2      | 1681 ||| READING scroll labelled HAED RACUEW.
  2106 | D:3      | 2106 ||| UPGRADING to +0 pair of boots.
  2111 | D:3      | 2111 ||| READING scroll labelled QUNEISORURE.
  2183 | D:3      | 2183 ||| Stepping ~*~*~tactically~*~*~ (stealth).
  2184 | D:3      | 2184 ||| READING scroll labelled BAMIOB ZYONARE.
  2185 | D:3      | 2185 ||| READING scroll labelled OPU KEUFFE.
  2185 | D:3      | Identified a scroll of acquirement
  2185 | D:3      | 2185 ||| ACQUIRING ring of Kinoc {rC+ Int+9}
  2185 | D:3      | Acquired the ring of Kinoc {rC+ Int+9}
  2187 | D:3      | 2187 ||| UPGRADING to ring of Kinoc {rC+ Int+9}.
  2195 | D:3      | 2195 ||| READING 2 scrolls of identify.
  2195 | D:3      | 2195 ||| IDENTIFYING green potion
  2234 | D:4      | Reached XP level 4. HP: 28/28 MP: 4/4
  2304 | D:4      | Noticed Sigmund
  2315 | D:4      | Identified the +1 hand axe of Calculation {freeze, rC+}
  2322 | D:4      | HP: 2/28 [Sigmund/+0 scythe (8)]
  2330 | D:4      | 2330 ||| READING scroll of teleportation.
  2334 | D:4      | Noticed Robin
  2335 | D:4      | HP: 4/28 [goblin/+0 club[Robin] (2)]
  2337 | D:4      | HP: 1/28 [jackal (3)]
  2338 | D:4      | Slain by a goblin

Levels and vault maps discovered:
D:1:      lightli_arrival_chessboard, layout_basic, serial_shops,
          nicolae_diamond_shop, dreamdust_ecumenical_altar_drowned_temple
D:2:      layout_loops_ring, serial_shops, nicolae_shop_hallway_stairs,
          nicolae_shop_trees, nicolae_shop_stone, shop,
          minmay_misc_feat_enclosed, minmay_strange_pillars
D:3:      layout_rooms
D:4:      layout_basic, minmay_hedge_maze, mrwooster_statue_mirror,
          minmay_misc_feat_x, uniq_sigmund, uniq_eustachio, uniq_robin

Skill      XL: |  1  2 |
---------------+-------+-----
Axes           | 2 3 |  3.9
Fighting       | |  3.2
Armour         | |  3.2
Shields        | |  3.2

Action                   |  1- 3 |  4- 6 || total
-------------------------+-------+-------++-------
Melee: War axe           |   126 |    37 ||   163
Throw: Boomerang         |    10 |       ||    10
  Use: Scroll            |     7 |     1 ||     8
Armor: Scale mail        |    37 |       ||    37
       Chain mail        |    17 |    36 ||    53
Dodge: Dodged            |    53 |    10 ||    63
Block: Buckler           |    13 |     8 ||    21

Table legend:
 A = Non-vault XP
 B = Vault XP
 C = Vault XP percentage of total XP
 D = Non-vault monster count
 E = Vault monster count
 F = Vault count percentage of total count
                 A         B        C        D         E       F
            +---------+---------+-------+---------+---------+-------
      Total |      89 |       5 |   5.3 |      51 |       3 |   5.6
            +---------+---------+-------+---------+---------+-------
        D:1 |      46 |       1 |   2.1 |      28 |       1 |   3.4
        D:2 |      20 |       0 |   0.0 |       9 |       0 |   0.0
        D:3 |      11 |       0 |   0.0 |       8 |       0 |   0.0
        D:4 |      12 |       4 |  25.0 |       6 |       2 |  25.0
            +---------+---------+-------+---------+---------+-------
